Map: [G8] Royal Blood

Players

Reynor - Winner!

  • Race: Zerg Zerg
  • Spawn Location: 7:00

ShoWTimE

  • Race: Protoss Protoss
  • Spawn Location: 1:00

Event: Gamers8 2023

VOD

Have the link to the VOD?

Description

Time

  • Played on: Aug. 4, 2023, 8:23 a.m.
  • Length: 22:02

All games in this series

Show
View Real Time Build Order
Export as new Build Order

Reynor Zerg - Winner!

Build Orders: Hatch First 

Get SALT Encoding   

  12  0:00  Drone  
  13  0:12  Overlord  
  13  0:17  Drone  
  14  0:30  Drone x2  
  16  0:40  Drone  
  17  0:51  Hatchery  
  17  0:55  Drone  
  17  0:58  Drone  
  18  1:08  Extractor  
  17  1:13  Spawning Pool  
  17  1:16  Drone  
  17  1:19  Drone  
  18  1:28  Drone  
  19  1:38  Drone  
  20  1:49  Overlord  
  20  2:00  Queen  
  22  2:03  Queen, Drone x2  
  26  2:10  Zergling x2  
  26  2:13  Metabolic Boost  
  26  2:14  Zergling x2  
  29  2:22  Zergling x2  
  29  2:25  Zergling x2  
  30  2:38  Queen  
  30  2:43  Hatchery  
  31  2:44  Drone  
  31  2:49  Overlord  
  32  2:54  Zergling x2  
  32  2:56  Zergling x2  
  32  2:57  Drone  
  35  2:59  Drone  
  35  3:05  Overlord  
  36  3:07  Drone  
  36  3:11  Drone x2  
  39  3:17  Drone x2  
  40  3:21  Drone  
  40  3:25  Drone  
  39  3:29  Spore Crawler  
  39  3:30  Queen  
  39  3:32  Drone  
  42  3:36  Drone  
  43  3:42  Drone  
  43  3:43  Queen  
  43  3:47  Drone x3  
  49  3:51  Overlord  
  49  3:54  Drone  
  50  3:58  Drone  
  50  3:59  Drone  
  50  4:02  Queen  
  51  4:07  Drone x3  
  56  4:14  Spore Crawler  
  56  4:15  Zergling x4  
  57  4:18  Spore Crawler, Drone x2  
  57  4:20  Drone  
  57  4:22  Overlord  
  59  4:25  Drone  
  59  4:27  Drone  
  59  4:28  Drone  
  59  4:29  Drone  
  59  4:31  Drone  
  64  4:33  Drone  
  64  4:36  Spore Crawler  
  64  4:37  Drone  
  65  4:41  Drone x3  
  65  4:42  Drone  
  69  4:49  Drone  
  69  4:50  Drone x2  
  69  4:57  Zergling x6  
  69  4:59  Drone x2  
  71  5:01  Drone x3  
  71  5:05  Evolution Chamber  
  71  5:06  Overlord  
  73  5:09  Drone  
  73  5:12  Overlord  
  74  5:16  Overlord  
  73  5:24  Queen  
  73  5:25  Drone x3  
  73  5:28  Zergling x6  
  79  5:30  Overlord  
  79  5:32  Zerg Melee Weapons Level 1  
  79  5:33  Drone x3  
  79  5:34  Drone  
  80  5:36  Drone x2  
  80  5:38  Drone  
  80  5:41  Overlord  
  78  5:46  Drone  
  78  5:47  Drone x2  
  78  5:48  Drone  
  82  5:52  Lair  
  82  5:53  Extractor, Drone  
  82  6:00  Hatchery, Drone x2  
  82  6:03  Queen  
  85  6:05  Extractor  
  85  6:06  Extractor, Drone x2  
  85  6:08  Drone  
  85  6:09  Drone  
  85  6:10  Drone  
  88  6:13  Drone  
  88  6:15  Overlord  
  88  6:16  Drone x2  
  88  6:17  Extractor, Drone  
  88  6:18  Extractor  
  90  6:27  Roach Warren  
  90  6:29  Drone  
  90  6:30  Drone x2  
  92  6:35  Zergling x8  
  92  6:36  Hatchery  
  95  6:40  Overlord  
  95  6:43  Drone x4  
  95  6:45  Queen  
  95  6:46  Drone x2  
  103  6:51  Overlord  
  101  7:01  Drone x2  
  101  7:03  Drone x5  
  101  7:04  Spire, Drone x2  
  101  7:08  Roach x2  
  113  7:12  Drone  
  113  7:14  Baneling Nest  
  113  7:16  Roach x4  
  113  7:19  Drone x2  
  113  7:21  Overlord  
  123  7:28  Infestation Pit, Drone x3  
  121  7:32  Drone x3  
  121  7:34  Drone x2  
  121  7:36  Extractor  
  125  7:37  Extractor  
  125  7:42  Zerg Melee Weapons Level 2  
  124  7:50  Ravager x2  
  126  7:52  Drone  
  126  7:53  Drone x4  
  126  7:56  Drone  
  126  7:57  Drone x8  
  126  7:58  Overseer  
  139  8:03  Overlord  
  139  8:05  Centrifugal Hooks, Hive  
  139  8:08  Evolution Chamber  
  139  8:11  Overlord  
  138  8:16  Drone x3  
  138  8:18  Spore Crawler, Mutalisk  
  138  8:19  Mutalisk x3  
  148  8:21  Overlord  
  148  8:22  Overseer  
  148  8:23  Mutalisk x3  
  154  8:30  Pneumatized Carapace  
  154  8:32  Drone x3  
  157  8:35  Spine Crawler  
  157  8:37  Roach x4, Zergling x2  
  157  8:38  Spore Crawler  
  161  8:44  Overlord  
  156  8:49  Zerg Missile Weapons Level 1  
  156  8:50  Zergling x28  
  156  8:54  Overlord  
  169  9:05  Zergling x18  
  178  9:10  Zergling x4  
  178  9:13  Spine Crawler, Drone x3  
  178  9:15  Spine Crawler, Zergling x2  
  182  9:17  Adrenal Glands  
  182  9:22  Viper x2  
  182  9:24  Hatchery, Greater Spire, Overlord  
  187  9:34  Zergling x4  
  187  9:43  Drone x4  
  180  9:46  Roach x2  
  184  9:57  Baneling x33  
  184  9:59  Zergling x26  
  197  10:02  Overlord x2  
  197  10:13  Overlord  
  197  10:14  Glial Reconstitution  
  197  10:19  Overseer  
  197  10:23  Zergling x4  
  189  10:43  Zergling x20  
  173  11:02  Drone x13  
  173  11:03  Zergling x14  
  189  11:10  Baneling x22  
  189  11:12  Zergling x14  
  189  11:17  Queen  
  197  11:19  Zerg Missile Weapons Level 2  
  197  11:20  Zerg Melee Weapons Level 3  
  197  11:22  Baneling x16  
  197  11:34  Zergling x6  
  197  11:35  Spine Crawler  
  197  11:36  Spine Crawler  
  197  11:37  Spine Crawler  
  197  11:42  Hatchery  
  177  11:48  Zergling x12  
  177  11:49  Zergling x40  
  177  11:51  Roach  
  170  12:02  Roach x8  
  170  12:04  Roach x3  
  170  12:05  Roach  
  170  12:07  Roach x3  
  196  12:12  Ravager x4  
  200  12:15  Baneling  
  200  12:16  Baneling x35  
  200  12:29  Zerg Flyer Weapons Level 1  
  200  12:31  Extractor  
  200  12:32  Extractor  
  173  12:51  Zergling x34  
  173  12:52  Zergling x20  
  186  12:59  Drone  
  186  13:00  Drone  
  186  13:02  Zergling x22  
  198  13:09  Baneling  
  198  13:10  Baneling x5  
  198  13:16  Zergling x4  
  198  13:19  Baneling x10  
  192  13:31  Drone  
  192  13:32  Drone x2  
  192  13:34  Extractor  
  193  13:36  Spore Crawler  
  193  13:37  Spore Crawler  
  193  13:38  Spore Crawler x2  
  186  13:41  Zergling x26  
  172  13:57  Zerg Ground Armor Level 1  
  172  13:58  Corruptor x8  
  172  13:59  Corruptor x3  
  172  14:00  Zergling x16  
  194  14:20  Corruptor x4  
  199  14:36  Zergling x4  
  179  14:56  Drone x3  
  177  15:01  Brood Lord x6, Corruptor  
  177  15:02  Corruptor x3  
  199  15:14  Spore Crawler  
  199  15:15  Spore Crawler  
  199  15:16  Overlord, Corruptor  
  199  15:17  Overlord x2  
  199  15:18  Spore Crawler  
  198  15:25  Overlord  
  198  15:28  Overlord x2  
  194  15:36  Hatchery  
  194  15:37  Hatchery  
  190  15:44  Viper x2  
  196  15:50  Drone x3  
  196  15:52  Brood Lord, Spore Crawler x2  
  196  15:53  Zerg Ground Armor Level 2, Spore Crawler x2  
  196  15:56  Brood Lord  
  198  15:58  Drone  
  198  16:00  Extractor  
  198  16:07  Drone  
  199  16:26  Spore Crawler x2  
  197  16:38  Corruptor  
  197  16:39  Corruptor  
  196  16:46  Overlord  
  190  17:07  Zergling x2  
  190  17:08  Zergling x26  
  196  17:13  Brood Lord, Spore Crawler  
  196  17:14  Brood Lord  
  199  17:17  Drone  
  199  17:20  Ultralisk Cavern  
  199  17:29  Hatchery  
  192  17:46  Baneling x8  
  192  17:49  Zergling x2  
  192  17:50  Zergling x14  
  198  18:01  Zergling x2  
  199  18:10  Zergling x10  
  191  18:20  Hatchery  
  191  18:24  Overlord  
  191  18:25  Overlord  
  181  18:38  Baneling x6  
  178  18:44  Chitinous Plating  
  178  18:54  Ultralisk  
  178  18:55  Ultralisk x2, Corruptor x6  
  198  19:09  Corruptor  
  200  19:12  Zerg Ground Armor Level 3  
  200  19:15  Hatchery  
  200  19:16  Hatchery  
  195  19:33  Hatchery  
  195  19:35  Corruptor x3  
  191  20:05  Zergling x28  
  200  20:08  Overlord  
  192  20:19  Ultralisk, Zergling x12  
  190  20:25  Zergling x2  
  165  20:37  Ultralisk x3, Zergling x2  
  182  20:54  Infestor  
  182  20:55  Infestor  
  187  20:57  Zergling x16  
  187  21:00  Zergling x4  
  195  21:15  Zergling x2  
  195  21:16  Zergling x6  
  194  21:37  Zergling x22  
  197  21:43  Zergling x14  
Show
View Real Time Build Order
Export as new Build Order

ShoWTimE Protoss 

Build Orders: 1 Gate Expand, Oracle Opening, Zealot Archon 

Get SALT Encoding   

  12  0:00  Probe  
  13  0:12  Probe  
  14  0:19  Pylon  
  14  0:24  Probe  
  15  0:37  Probe (Chrono Boost)  
  15  0:39  Gateway  
  16  0:46  Probe (Chrono Boost)  
  16  0:48  Assimilator  
  17  0:51  Probe (Chrono Boost)  
  18  1:03  Probe  
  19  1:15  Probe  
  20  1:25  Nexus  
  20  1:36  Cybernetics Core  
  20  1:39  Probe  
  21  1:44  Assimilator  
  21  1:51  Probe  
  22  1:54  Pylon  
  22  2:03  Probe  
  23  2:09  Adept (Chrono Boost)  
  23  2:15  Probe  
  26  2:18  Stargate  
  26  2:26  Warp Gate  
  26  2:27  Probe (Chrono Boost)  
  27  2:30  Adept (Chrono Boost)  
  29  2:38  Probe (Chrono Boost)  
  31  2:45  Probe (Chrono Boost)  
  31  2:47  Probe (Chrono Boost)  
  32  2:52  Adept, Probe x2 (Chrono Boost)  
  32  2:58  Pylon  
  36  3:03  Probe  
  36  3:04  Probe  
  38  3:08  Oracle (Chrono Boost)  
  41  3:16  Probe  
  41  3:18  Probe  
  41  3:28  Probe  
  41  3:31  Adept  
  41  3:33  Probe  
  43  3:36  Gateway  
  43  3:38  Oracle (Chrono Boost)  
  43  3:40  Probe  
  47  3:45  Probe  
  48  3:52  Probe  
  49  3:57  Probe  
  49  4:04  Probe  
  49  4:05  Pylon, Oracle (Chrono Boost)  
  53  4:14  Nexus  
  53  4:15  Probe  
  54  4:23  Pylon  
  54  4:25  Adept  
  54  4:28  Probe x2  
  54  4:31  Assimilator  
  58  4:32  Adept  
  58  4:33  Assimilator  
  60  4:40  Probe  
  60  4:41  Probe  
  60  4:42  Robotics Facility  
  62  4:53  Probe x2  
  62  4:56  Adept x2  
  68  5:04  Pylon  
  68  5:05  Probe x2  
  70  5:16  Forge  
  70  5:19  Shield Battery  
  70  5:21  Oracle (Chrono Boost)  
  70  5:22  Probe x2  
  70  5:28  Probe, Sentry x2  
  78  5:34  Probe x2  
  75  5:40  Probe (Chrono Boost)  
  74  5:43  Immortal (Chrono Boost)  
  74  5:44  Pylon  
  74  5:46  Protoss Ground Weapons Level 1 (Chrono Boost)  
  78  5:51  Probe x2 (Chrono Boost)  
  78  5:52  Probe (Chrono Boost), Stalker  
  81  5:58  Twilight Council  
  81  5:59  Probe (Chrono Boost)  
  81  6:00  Probe x2 (Chrono Boost)  
  81  6:01  Assimilator  
  84  6:04  Assimilator  
  84  6:07  Probe  
  84  6:10  Probe x2  
  87  6:12  Observer (Chrono Boost)  
  87  6:16  Robotics Bay  
  88  6:19  Probe  
  88  6:22  Zealot x2, Probe x2  
  95  6:29  Gateway  
  95  6:30  Charge, Gateway  
  95  6:31  Probe  
  96  6:34  Probe  
  96  6:38  Phoenix  
  96  6:41  Gateway  
  96  6:42  Templar Archives, Warp Prism (Chrono Boost)  
  96  6:43  Gateway  
  96  6:44  Gateway  
  98  6:50  Photon Cannon  
  98  6:56  Gateway  
  98  6:57  Pylon  
  98  7:01  Zealot x2  
  98  7:10  Disruptor  
  98  7:14  Pylon  
  101  7:19  Gateway x2, Probe x3  
  101  7:22  Pylon  
  103  7:23  Pylon  
  103  7:34  High Templar x3  
  109  7:38  Pylon  
  109  7:40  Archon  
  109  7:44  Pylon, Nexus  
  109  7:47  High Templar x3, Probe x2  
  117  7:51  Archon  
  117  7:53  Disruptor (Chrono Boost)  
  117  7:54  Archon  
  120  7:58  Probe  
  120  7:59  Probe x2  
  120  8:05  Photon Cannon  
  123  8:07  Shield Battery  
  123  8:09  Shield Battery  
  123  8:11  Probe x3  
  126  8:13  Zealot x3  
  126  8:14  Photon Cannon  
  126  8:15  Photon Cannon  
  126  8:16  Zealot  
  126  8:17  Disruptor  
  126  8:18  Pylon  
  134  8:21  Assimilator  
  134  8:22  Assimilator  
  134  8:23  Probe  
  135  8:31  Photon Cannon  
  138  8:35  Pylon  
  138  8:41  Protoss Ground Weapons Level 2 (Chrono Boost)  
  138  8:43  High Templar  
  138  8:44  High Templar  
  138  8:48  Photon Cannon  
  140  8:49  Phoenix (Chrono Boost)  
  136  8:55  Probe  
  136  8:56  Probe x3  
  136  8:58  Archon  
  138  9:03  High Templar  
  138  9:04  High Templar  
  138  9:06  Phoenix (Chrono Boost)  
  138  9:08  Archon, Shield Battery  
  138  9:09  Zealot x5  
  154  9:13  Photon Cannon  
  154  9:24  Zealot x2  
  154  9:25  Phoenix (Chrono Boost)  
  160  9:40  High Templar  
  160  9:41  High Templar  
  164  9:46  Archon  
  164  9:51  Gateway  
  156  9:53  High Templar x4  
  156  9:55  Zealot x3, Gateway  
  156  9:57  Gateway  
  170  10:01  Photon Cannon  
  170  10:02  Archon x2  
  170  10:07  Photon Cannon, Gateway  
  170  10:08  Pylon  
  170  10:10  Pylon, Gateway  
  170  10:12  Pylon x2  
  170  10:14  Pylon, Warp Prism  
  170  10:16  Pylon  
  170  10:19  Fleet Beacon  
  172  10:22  Stargate  
  172  10:31  Zealot x3  
  172  10:32  Zealot x5  
  184  10:43  High Templar  
  184  10:54  Carrier (Chrono Boost)  
  184  10:56  Protoss Ground Weapons Level 3 (Chrono Boost)  
  179  11:00  Carrier (Chrono Boost)  
  181  11:05  Stalker x2  
  181  11:06  Protoss Air Weapons Level 1 (Chrono Boost)  
  183  11:15  High Templar x2  
  187  11:20  Zealot x6  
  199  11:26  Psionic Storm  
  199  11:34  Pylon  
  177  11:49  Stalker x5  
  177  11:50  Zealot x2, Stalker  
  155  11:56  Stalker x3  
  155  11:57  Carrier (Chrono Boost)  
  150  12:08  High Templar  
  152  12:13  Nexus  
  152  12:15  Photon Cannon  
  152  12:16  Photon Cannon  
  152  12:18  Photon Cannon, Carrier (Chrono Boost)  
  152  12:20  Shield Battery  
  158  12:26  Zealot x6  
  158  12:27  Zealot x7  
  181  12:45  Zealot  
  181  12:49  Zealot x8  
  181  12:50  Zealot x2  
  166  12:56  Zealot x2  
  163  13:01  High Templar  
  163  13:02  Probe x2  
  165  13:08  High Templar  
  165  13:11  Probe x2  
  169  13:13  High Templar x2  
  171  13:29  High Templar x4  
  171  13:30  High Templar  
  181  13:34  Archon x2  
  180  13:49  Zealot x3, Stalker  
  170  13:56  Probe  
  170  13:57  Probe x3  
  170  13:59  High Templar x2  
  173  14:05  Archon  
  171  14:10  Probe  
  171  14:11  Probe x2  
  171  14:14  Pylon  
  174  14:18  High Templar  
  174  14:19  Zealot x4, High Templar  
  174  14:20  Zealot x2  
  174  14:21  Probe  
  174  14:23  Probe  
  187  14:24  Archon  
  187  14:35  Zealot x2  
  185  14:44  Zealot x5  
  185  14:45  Zealot  
  175  14:57  Probe  
  162  15:01  High Templar x6  
  162  15:05  Archon x3  
  162  15:07  Zealot x2, High Templar  
  180  15:14  Zealot x2  
  184  15:22  High Templar x2  
  184  15:27  Archon  
  188  15:35  Blink (Chrono Boost)  
  188  15:41  Probe  
  188  15:42  Probe  
  186  15:46  Probe x2  
  188  15:58  High Templar x2  
  188  15:59  Observer  
  188  16:03  Archon  
  193  16:20  Tempest  
  198  16:35  Pylon, Zealot x2, Nexus  
  196  16:47  Probe x3  
  196  16:48  Probe  
  178  17:11  Probe x3  
  178  17:13  High Templar x4  
  178  17:14  High Templar x2  
  178  17:15  Zealot x4  
  199  17:18  Archon  
  199  17:19  Archon x2  
  199  17:23  Photon Cannon  
  199  17:25  Photon Cannon  
  199  17:34  Protoss Shields Level 1 (Chrono Boost)  
  199  17:43  Nexus  
  195  17:47  Tempest x2  
  199  17:53  Stargate  
  199  18:00  Probe x2  
  199  18:01  Pylon  
  199  18:05  Protoss Air Weapons Level 2 (Chrono Boost)  
  199  18:11  Zealot x5  
  195  18:13  Probe  
  195  18:18  Probe  
  193  18:20  Stalker  
  179  18:42  Tempest x2 (Chrono Boost)  
  179  18:43  Tempest (Chrono Boost)  
  169  19:09  Photon Cannon  
  169  19:10  High Templar x4  
  169  19:11  Photon Cannon  
  169  19:12  Shield Battery  
  177  19:18  High Templar x2, Tempest  
  177  19:23  Archon  
  186  19:25  Probe x2  
  186  19:28  Probe x3  
  186  19:29  Probe  
  187  19:31  Observer (Chrono Boost)  
  187  19:35  Zealot x5  
  187  19:37  Assimilator  
  197  19:41  Assimilator  
  181  19:57  Stalker  
  181  19:58  Stalker x6  
  193  20:02  Stalker  
  169  20:07  Stalker x2  
  156  20:17  Stalker  
  136  20:23  Stalker x3  
  136  20:25  Stalker  
  141  20:31  Immortal (Chrono Boost)  
  122  20:54  Stalker x4  
  130  20:58  Shield Battery  
  130  21:01  Immortal (Chrono Boost)  
  134  21:08  High Templar  
  135  21:30  Pylon  
  135  21:31  Zealot x7  
  146  21:37  Zealot  
  132  21:42  Zealot x2  
  111  21:50  Zealot  
  111  21:54  Stalker x2  
Tags
 
Add a new tag
Caveats
  • Supply blocks, unpowered buildings, or Contaminate may cause inaccurate times.
  • Supply counts are checked every 10 seconds.